 Dungeon Crawl Stone Soup version 0.19.0-22-gd96e5fe (webtiles) character file.

2142 MirrMurr the Grappler (level 9, -1/80 HPs)
             Began as a Troll Hunter on Nov 19, 2016.
             Was a Follower of Makhleb.
             Slain by an adder (5 damage)
             ... on level 7 of the Dungeon.
             The game lasted 00:15:12 (6399 turns).

MirrMurr the Grappler (Troll Hunter)                Turns: 6399, Time: 00:15:13

Health: -1/80      AC:  6    Str: 22    XL:     9   Next: 9%
Magic:  8/8        EV: 10    Int:  7    God:    Makhleb [*.....]
Gold:   344        SH:  0    Dex: 13    Spells: 0 memorised, 8 levels left

rFire  . . .     SeeInvis .       - Unarmed
rCold  . . .     Gourm    +     b - +1 robe
rNeg   . . .     Faith    .     (no shield)
rPois  .         Spirit   .     (helmet restricted)
rElec  .         Reflect  .     (no cloak)
rCorr  .         Harm     .     (gloves unavailable)
MR     .....                    (boots unavailable)
Stlth  ++........               (no amulet)
                                (no ring)
                                a - ring of stealth

@: lethally poisoned (-1 -> -2)
A: unfitting armour, claws 3, fast metabolism 3, gourmand, regeneration 1,
shaggy fur 1, tough skin 2
a: Renounce Religion


You were on level 7 of the Dungeon.
You worshipped Makhleb.
Makhleb was aware of your devotion.
You were completely stuffed.

You visited 2 branches of the dungeon, and saw 8 of its levels.

You collected 344 gold pieces.

Inventory:

Missiles
 c - 2 large rocks (quivered)
 d - 2 throwing nets
 o - 7 needles of confusion
Armour
 b - a +1 robe (worn)
Jewellery
 a - a ring of stealth (left claw)
Wands
 y - a wand of flame (21/48)
Scrolls
 g - 2 scrolls of enchant armour
 l - 4 scrolls of teleportation
 r - 3 scrolls of remove curse
 x - a scroll of recharging
Potions
 e - 5 potions of haste
 h - a potion of brilliance
 j - 4 potions of heal wounds {unknown}
 n - a potion of flight {unknown}
 p - a potion of might
 q - 2 potions of agility {unknown}
 s - a potion of berserk rage {unknown}
 t - a potion of cure mutation {unknown}
 u - a potion of lignification {unknown}
 v - 4 potions of degeneration {unknown}
 z - a potion of curing {unknown}
Comestibles
 f - 6 bread rations
 i - 5 meat rations
 k - 2 beef jerkies
 m - 4 royal jellies
 w - 3 slices of pizza
 A - 2 chunks of flesh


   Skills:
 + Level 2.4 Fighting
 + Level 4.5 Throwing
 - Level 1.5 Dodging
 - Level 0.3 Stealth
 * Level 11.2 Unarmed Combat


You had 8 spell levels left.
You didn't know any spells.

Dungeon Overview and Level Annotations

Branches:
Dungeon (7/15)             Temple (1/1) D:4

Altars:
Fedhas
Gozag
Kikubaaqudgha
Makhleb
Okawaru
Sif Muna
Vehumet
Zin
The Shining One

Shops:
D:4 *

Annotations:
D:7 Menkaure, Prince Ribbit


Innate Abilities, Weirdness & Mutations

You are too large for most types of armour.
You have claws for hands.
Your metabolism is lightning-fast.
You like to eat raw meat.
Your natural rate of healing is unusually fast.
You are covered in fur. (AC +1)
You have very tough skin. (AC +2)


Message History

Press: ? - help, Shift-Dir - straight line, f - Menkaure
Aim: Menkaure (heavily damaged, fast)
You throw a large rock. The large rock barely misses Menkaure.
You feel sick. The adder bites you. Menkaure barely misses you.
The adder bites you. Menkaure hits you!
* * * LOW HITPOINT WARNING * * *
Throwing (i - inventory. (,) - cycle):
c - 3 large rocks (quivered)
Press: ? - help, Shift-Dir - straight line, f/p - Menkaure
Aim: Menkaure (heavily damaged, fast)
You throw a large rock. The large rock barely misses Menkaure.
You feel sick. The adder closely misses you.
Menkaure calls on the powers of darkness!
Your body is wracked with pain!
* * * LOW HITPOINT WARNING * * *
The adder closely misses you.
Menkaure whispers a few words.
Menkaure hits you!
* * * LOW HITPOINT WARNING * * *
The adder bites you.
You die...

.# .# .# #.# ###.###
..##### ##....[
##....... ....#
#....... ##..(##
###p..p## ###.....####
#.......#
##..SM.......
)..รท....#
#...@....##.#
#.......#####..##...##
###.......[....###.##
#...######.....#.#
############.....#.#
...........<.......#
############.....###
#...p.# ###.....


You could see Menkaure and an adder.

Vanquished Creatures
  Pikel (D:7)
  The ghost of 2d6 the Conjurer, an amateur DsAE (D:4)
  Purgy (D:3)
  A black bear (D:4)
  An ice beast (D:6)
  A phantom (D:6)
  A centaur (D:6)
  An ogre (D:6)
  3 bullfrogs
  2 scorpions
  A crimson imp (D:5)
  A bullfrog zombie (D:7)
  A jelly (D:5)
  3 orc wizards
  2 orc priests
  A gnoll shaman (D:4)
  2 hounds (D:5)
  2 centaur skeletons
  Jessica (D:2)
  5 worker ants
  An iguana (D:4)
  Robin (D:2)
  6 gnolls (D:4)
  9 adders
  A shadow imp (D:5)
  An ooze (D:1)
  An adder skeleton (D:4)
  3 worms
  A dart slug (D:1)
  4 leopard geckos
  13 orcs
  8 bats
  2 giant cockroaches
  16 goblins
  9 hobgoblins
  11 jackals
  2 quokkas
  A ball python (D:1)
  6 frilled lizards
  A jackal skeleton (D:4)
  5 kobolds
  11 rats
145 creatures vanquished.

Vanquished Creatures (others)
  A slave (D:7)
1 creature vanquished.

Grand Total: 146 creatures vanquished

Notes
Turn   | Place    | Note
-------+----------+-------------------------------------------
     0 | D:1      | MirrMurr the Troll Hunter began the quest for the Orb.
     0 | D:1      | Reached XP level 1. HP: 19/19 MP: 0/0
   678 | D:1      | Reached XP level 2. HP: 23/27 MP: 1/1
  1021 | D:1      | Reached skill level 1 in Unarmed Combat
  1106 | D:2      | Noticed Robin
  1258 | D:2      | Reached XP level 3. HP: 33/33 MP: 2/2
  1754 | D:2      | Noticed Jessica
  1758 | D:2      | Killed Jessica
  1758 | D:2      | Reached skill level 2 in Unarmed Combat
  1765 | D:2      | Reached XP level 4. HP: 40/42 MP: 3/3
  1902 | D:2      | Killed Robin
  1912 | D:2      | Reached skill level 3 in Unarmed Combat
  2154 | D:3      | Noticed Purgy
  2165 | D:3      | Killed Purgy
  2165 | D:3      | Reached skill level 4 in Unarmed Combat
  2165 | D:3      | Reached XP level 5. HP: 42/49 MP: 4/4
  2395 | D:3      | Found an ancient bone altar of Kikubaaqudgha.
  2403 | D:3      | Reached XP level 6. HP: 57/57 MP: 5/5
  2404 | D:3      | Reached skill level 5 in Unarmed Combat
  3098 | D:4      | Noticed 2d6's ghost (amateur DsAE)
  3123 | D:4      | Killed 2d6's ghost
  3123 | D:4      | Reached skill level 6 in Unarmed Combat
  3281 | D:4      | Reached XP level 7. HP: 45/65 MP: 6/6
  3368 | D:4      | Found Gozag's Platinum Reserve.
  3625 | D:4      | Reached skill level 7 in Unarmed Combat
  3784 | D:4      | Found an opulent altar of Gozag.
  3786 | D:4      | Found a staircase to the Ecumenical Temple.
  3793 | Temple   | Entered the Ecumenical Temple
  3808 | Temple   | Became a worshipper of Makhleb the Destroyer
  4047 | D:4      | Found a glowing silver altar of Zin.
  4228 | D:4      | Found an iron altar of Okawaru.
  4349 | D:5      | Entered Level 5 of the Dungeon
  4477 | D:5      | Reached skill level 8 in Unarmed Combat
  4617 | D:5      | You fall through a shaft!
  4698 | D:6      | Reached XP level 8. HP: 71/72 MP: 7/7
  4949 | D:6      | Reached skill level 9 in Unarmed Combat
  4961 | D:6      | Reached * piety under Makhleb
  5270 | D:5      | Found a glowing golden altar of the Shining One.
  5481 | D:5      | Reached skill level 10 in Unarmed Combat
  5913 | D:6      | Found a radiant altar of Vehumet.
  6278 | D:7      | Noticed Prince Ribbit
  6308 | D:7      | Noticed Pikel
  6319 | D:7      | Killed Pikel
  6319 | D:7      | Reached skill level 11 in Unarmed Combat
  6319 | D:7      | Reached XP level 9. HP: 38/80 MP: 8/8
  6387 | D:7      | Noticed Menkaure
  6399 | D:7      | HP: 4/80 [Menkaure (9)]
  6399 | D:7      | Slain by an adder

Skill      XL: |  1  2  3  4  5  6  7  8 |
---------------+-------------------------+-----
Throwing       | 4 |  4.5
Unarmed Combat | 1 2 4 6 8 11 | 11.2
Fighting       | 2 |  2.4
Dodging        | |  1.5
Stealth        | |  0.3

Action                   |  1- 3 |  4- 6 |  7- 9 || total
-------------------------+-------+-------+-------++-------
Melee: Unarmed           |    87 |   152 |   182 ||   421
       Punch             |       |     5 |     6 ||    11
Throw: Large rock        |       |     4 |     7 ||    11
  Use: Scroll            |     7 |     1 |     5 ||    13
 Stab: Sleeping          |     1 |     3 |     7 ||    11
       Distracted        |       |       |     4 ||     4
  Eat: Chunk             |    22 |    14 |    28 ||    64
Armor: Robe              |    39 |    49 |    60 ||   148
Dodge: Dodged            |    47 |    55 |    83 ||   185
